| TOP OF THE 1ST |
|
UCLA Bruins batting - Pitching for University of North Carolina at Chapel Hill Tar Heels : RHP Isaiah Irving
|
|
Pitching: RHP Isaiah Irving
|
|
|
Batting: LHB Mark Cummings
|
0-0: Called Strike 0-1: Swinging Strike 0-2: Strikes out looking
|
|
Batting: RHB Issac Konol
|
0-0: Swinging Strike 0-1: Ball 1-1: Foul Ball, location: 2F 1-2: Ball 2-2: Ball 3-2: Base on Balls
|
|
Batting: RHB Andy Knerr
|
0-0: Called Strike 0-1: Ball 1-1: Foul Ball, location: 2F 1-2: Foul Ball, location: 2F 1-2: Ball 2-2: Grounds into double play, 6-4-3 (Groundball, 56, EV 84.4 MPH)
|
| Top of the 1st over - 0 runs, 0 hits, 0 errors, 0 left on base; UCLA 0 - University of North Carolina at Chapel Hill 0 |
| BOTTOM OF THE 1ST |
|
University of North Carolina at Chapel Hill Tar Heels batting - Pitching for UCLA Bruins : LHP Daniel McConnell
|
|
Pitching: LHP Daniel McConnell
|
|
|
Batting: SHB Ryan Marsh
|
0-0: Foul Ball, location: 2F 0-1: Foul Ball, location: 2F 0-2: Fly out, F7 (Flyball, 78M, EV 81.2 MPH)
|
|
Batting: RHB Bill Atley
|
0-0: Swinging Strike 0-1: Ball 1-1: Swinging Strike 1-2: Foul Ball, location: 2F 1-2: Strikes out swinging
|
|
Batting: RHB Jeremy Rollins
|
0-0: Swinging Strike 0-1: Foul Ball, location: 2F 0-2: Ball 1-2: Ball 2-2: Strikes out swinging
|
| Bottom of the 1st over - 0 runs, 0 hits, 0 errors, 0 left on base; UCLA 0 - University of North Carolina at Chapel Hill 0 |
| TOP OF THE 2ND |
|
UCLA Bruins batting - Pitching for University of North Carolina at Chapel Hill Tar Heels : RHP Isaiah Irving
|
|
Batting: RHB Corey Bradley
|
0-0: Ball 1-0: Foul Ball, location: 2F 1-1: Called Strike 1-2: Strikes out looking
|
|
Batting: LHB Scott Mullett
|
0-0: Ball 1-0: Foul Ball, location: 2F 1-1: Ball 2-1: Foul Ball, location: 2F 2-2: Ball 3-2: Foul Ball, location: 2F 3-2: SINGLE (Groundball, 56D, EV 110.6 MPH)
|
|
Batting: SHB Mike Beck
|
0-0: Fly out, F8 (Flyball, 8LD, EV 97.5 MPH)
|
|
Batting: RHB Dave Spradley
|
0-0: Called Strike 0-1: Ball 1-1: Foul Ball, location: 7LSF, Error on foul ball, E7 1-2: Strikes out swinging
|
| Top of the 2nd over - 0 runs, 1 hit, 1 error, 1 left on base; UCLA 0 - University of North Carolina at Chapel Hill 0 |
| BOTTOM OF THE 2ND |
|
University of North Carolina at Chapel Hill Tar Heels batting - Pitching for UCLA Bruins : LHP Daniel McConnell
|
|
Batting: SHB Jim Saxon
|
0-0: Ball 1-0: Called Strike 1-1: Called Strike 1-2: Ball 2-2: Strikes out swinging
|
|
Batting: SHB Jonathan Barrie
|
0-0: Ball 1-0: SINGLE (Groundball, 56D, EV 95.0 MPH)
|
|
Batting: RHB Tony Jennings
|
0-0: Ball 1-0: Ball Wild Pitch! Jonathan Barrie to second 2-0: Called Strike 2-1: Ball 3-1: Base on Balls
|
|
Batting: RHB Brandon Wilson
|
0-0: Ball 1-0: Foul Ball, location: 2F 1-1: Ball 2-1: Foul Ball, location: 2F 2-2: Fly out, F8 (Flyball, 8RM, EV 92.5 MPH)
|
|
Batting: LHB Juan Alvarado
|
0-0: Ground out 2-3 (Groundball, 2L, EV 66.2 MPH)
|
| Bottom of the 2nd over - 0 runs, 1 hit, 0 errors, 2 left on base; UCLA 0 - University of North Carolina at Chapel Hill 0 |
| TOP OF THE 3RD |
|
UCLA Bruins batting - Pitching for University of North Carolina at Chapel Hill Tar Heels : RHP Isaiah Irving
|
|
Batting: RHB Michael Alvarado
|
0-0: Swinging Strike 0-1: Ball 1-1: Ball 2-1: Fly out, F8 (Flyball, 89D, EV 98.1 MPH)
|
|
Batting: RHB Ivan Murillo
|
0-0: Ball 1-0: Ball 2-0: Ball 3-0: Called Strike 3-1: Base on Balls
|
|
Batting: LHB Mark Cummings
|
0-0: Called Strike 0-1: Ball 1-1: Ball 2-1: Ball 3-1: Base on Balls Ivan Murillo to second
|
|
Batting: RHB Issac Konol
|
0-0: Foul Ball, location: 2F 0-1: Ball 1-1: Swinging Strike 1-2: Strikes out swinging
|
|
Batting: RHB Andy Knerr
|
0-0: Foul Ball, location: 2F 0-1: Ball 1-1: Foul Ball, location: 2F 1-2: Foul Ball, location: 2F 1-2: Ball 2-2: Ball 3-2: Fly out, F7 (Flyball, 78M, EV 85.0 MPH)
|
| Top of the 3rd over - 0 runs, 0 hits, 0 errors, 2 left on base; UCLA 0 - University of North Carolina at Chapel Hill 0 |
| BOTTOM OF THE 3RD |
|
University of North Carolina at Chapel Hill Tar Heels batting - Pitching for UCLA Bruins : LHP Daniel McConnell
|
|
Batting: RHB Michael Houseman
|
0-0: Ball 1-0: Called Strike 1-1: Called Strike 1-2: Ball 2-2: Ball 3-2: Fly out, F9 (Flyball, 9, EV 88.8 MPH)
|
|
Batting: SHB Ryan Marsh
|
0-0: Called Strike 0-1: Ball 1-1: Foul Ball, location: 2F 1-2: Fly out, F3 (Popup, 3SF, EV 71.9 MPH)
|
|
Batting: RHB Bill Atley
|
0-0: Ball 1-0: SINGLE (Line Drive, 34D, EV 101.2 MPH)
|
|
Batting: RHB Jeremy Rollins
|
0-0: Fly out, F8 (Flyball, 8LD, EV 106.9 MPH)
|
| Bottom of the 3rd over - 0 runs, 1 hit, 0 errors, 1 left on base; UCLA 0 - University of North Carolina at Chapel Hill 0 |
| TOP OF THE 4TH |
|
UCLA Bruins batting - Pitching for University of North Carolina at Chapel Hill Tar Heels : RHP Isaiah Irving
|
|
Batting: RHB Corey Bradley
|
0-0: Ball 1-0: Foul Ball, location: 2F 1-1: Ball 2-1: Ball 3-1: Base on Balls
|
|
Batting: LHB Scott Mullett
|
0-0: Foul Ball, location: 2F 0-1: Ball 1-1: Ball 2-1: Foul Ball, location: 2F 2-2: Foul Ball, location: 2F 2-2: Ball 3-2: 2-RUN HOME RUN (Flyball, 9D, EV 100.0 MPH), Distance : 380 ft
|
|
Batting: SHB Mike Beck
|
0-0: Ball 1-0: Called Strike 1-1: Ball 2-1: Ball 3-1: Base on Balls
|
|
Batting: RHB Dave Spradley
|
0-0: Fly out, F8 (Flyball, 8LD, EV 90.0 MPH)
|
|
Batting: RHB Michael Alvarado
|
0-0: Called Strike 0-1: Ball 1-1: Ball 2-1: Ball 3-1: Base on Balls Mike Beck to second
|
|
Batting: RHB Ivan Murillo
|
0-0: Ball 1-0: Ball 2-0: Called Strike 2-1: Foul Ball, location: 2F 2-2: Foul Ball, location: 2F 2-2: Foul Ball, location: 2F 2-2: Ball 3-2: Base on Balls Mike Beck to third Michael Alvarado to second
|
|
Pitching: RHP Bobby Franco
|
|
|
Batting: LHB Mark Cummings
|
0-0: Called Strike 0-1: Foul Ball, location: 2F 0-2: Ball 1-2: Foul Ball, location: 2F 1-2: Ball 2-2: Strikes out swinging
|
|
Batting: RHB Issac Konol
|
0-0: DOUBLE (Line Drive, 3D, EV 102.5 MPH) Mike Beck scores Michael Alvarado scores Ivan Murillo to third Runner from 3rd tries for Home, throw by RF and OUT! 9-4-2
|
| Top of the 4th over - 4 runs, 2 hits, 0 errors, 1 left on base; UCLA 4 - University of North Carolina at Chapel Hill 0 |
| BOTTOM OF THE 4TH |
|
University of North Carolina at Chapel Hill Tar Heels batting - Pitching for UCLA Bruins : LHP Daniel McConnell
|
|
Batting: SHB Jim Saxon
|
0-0: Fly out, F9 (Line Drive, 9D, EV 96.9 MPH)
|
|
Batting: SHB Jonathan Barrie
|
0-0: Ball 1-0: Foul Ball, location: 2F 1-1: Ball 2-1: Foul Ball, location: 2F 2-2: Ball 3-2: Base on Balls
|
|
Batting: RHB Tony Jennings
|
0-0: Ball 1-0: Ball 2-0: Called Strike 2-1: Ball 3-1: Fly out, F7 (Line Drive, 7S, EV 93.8 MPH)
|
|
Batting: RHB Brandon Wilson
|
0-0: Called Strike 0-1: Ball Wild Pitch! Jonathan Barrie to second 1-1: Called Strike 1-2: Strikes out swinging
|
| Bottom of the 4th over - 0 runs, 0 hits, 0 errors, 1 left on base; UCLA 4 - University of North Carolina at Chapel Hill 0 |
| TOP OF THE 5TH |
|
UCLA Bruins batting - Pitching for University of North Carolina at Chapel Hill Tar Heels : RHP Bobby Franco
|
|
Batting: RHB Andy Knerr
|
0-0: SINGLE (Line Drive, 4D, EV 100.0 MPH)
|
|
Batting: RHB Corey Bradley
|
0-0: Called Strike 0-1: Fly out, F8 (Flyball, 8RD, EV 91.9 MPH) Runner from 1st tags up, SAFE at 2nd
|
|
Batting: LHB Scott Mullett
|
0-0: Ground out 4-3 (Groundball, 4, EV 83.8 MPH) Andy Knerr to third
|
|
Batting: SHB Mike Beck
|
0-0: Ball 1-0: Called Strike 1-1: Ground out 6-3 (Groundball, 6, EV 91.2 MPH)
|
| Top of the 5th over - 0 runs, 1 hit, 0 errors, 1 left on base; UCLA 4 - University of North Carolina at Chapel Hill 0 |
| BOTTOM OF THE 5TH |
|
University of North Carolina at Chapel Hill Tar Heels batting - Pitching for UCLA Bruins : LHP Daniel McConnell
|
|
Batting: LHB Juan Alvarado
|
0-0: Ground out 6-3 (Groundball, 6, EV 105.6 MPH)
|
|
Batting: RHB Michael Houseman
|
0-0: Foul Ball, location: 2F 0-1: Ball 1-1: Called Strike 1-2: Ball 2-2: Strikes out swinging
|
|
Batting: SHB Ryan Marsh
|
0-0: Swinging Strike 0-1: Fly out, F9 (Flyball, 89S, EV 77.5 MPH)
|
| Bottom of the 5th over - 0 runs, 0 hits, 0 errors, 0 left on base; UCLA 4 - University of North Carolina at Chapel Hill 0 |
| TOP OF THE 6TH |
|
UCLA Bruins batting - Pitching for University of North Carolina at Chapel Hill Tar Heels : RHP Bobby Franco
|
|
Batting: RHB Dave Spradley
|
0-0: Ball 1-0: Ball 2-0: Called Strike 2-1: Ball 3-1: Swinging Strike 3-2: Strikes out swinging
|
|
Batting: RHB Michael Alvarado
|
0-0: Called Strike 0-1: Swinging Strike 0-2: Foul Ball, location: 2F 0-2: Foul Ball, location: 2F 0-2: Ball 1-2: Foul Ball, location: 2F 1-2: Ball 2-2: Ball 3-2: DOUBLE (Line Drive, 7LD, EV 102.5 MPH)
|
|
Batting: RHB Ivan Murillo
|
0-0: Foul Ball, location: 2F 0-1: Ball 1-1: Fly out, F7 (Flyball, 7, EV 85.6 MPH)
|
|
Batting: LHB Mark Cummings
|
0-0: Called Strike 0-1: Ground out 4-3 (Groundball, 4, EV 90.0 MPH)
|
| Top of the 6th over - 0 runs, 1 hit, 0 errors, 1 left on base; UCLA 4 - University of North Carolina at Chapel Hill 0 |
| BOTTOM OF THE 6TH |
|
University of North Carolina at Chapel Hill Tar Heels batting - Pitching for UCLA Bruins : LHP Daniel McConnell
|
|
Batting: RHB Bill Atley
|
0-0: Swinging Strike 0-1: Ball 1-1: Called Strike 1-2: Ball 2-2: Ground out 5-3 (Groundball, 56, EV 104.4 MPH)
|
|
Batting: RHB Jeremy Rollins
|
0-0: Called Strike 0-1: Called Strike 0-2: Ball 1-2: Ball 2-2: Fly out, F8 (Flyball, 8RD, EV 100.0 MPH)
|
|
Batting: SHB Jim Saxon
|
0-0: Ball 1-0: Called Strike 1-1: Called Strike 1-2: Ball 2-2: Fly out, F7 (Flyball, 7LS, EV 93.8 MPH)
|
| Bottom of the 6th over - 0 runs, 0 hits, 0 errors, 0 left on base; UCLA 4 - University of North Carolina at Chapel Hill 0 |
| TOP OF THE 7TH |
|
UCLA Bruins batting - Pitching for University of North Carolina at Chapel Hill Tar Heels : RHP Bobby Franco
|
|
Batting: RHB Issac Konol
|
0-0: Ball 1-0: Ball 2-0: SINGLE (Groundball, 56D, EV 103.1 MPH)
|
|
Batting: RHB Andy Knerr
|
0-0: Foul Ball, location: 2F 0-1: Foul Ball, location: 2F 0-2: Ball Wild Pitch! Issac Konol to second 1-2: 2-RUN HOME RUN (Flyball, 9D, EV 99.4 MPH), Distance : 387 ft
|
|
Batting: RHB Corey Bradley
|
0-0: Ball 1-0: Fly out, F7 (Flyball, 7D, EV 77.5 MPH)
|
|
Batting: LHB Scott Mullett
|
0-0: Called Strike 0-1: Called Strike 0-2: Ball 1-2: SINGLE (Flyball, 8RS, EV 91.9 MPH)
|
|
Pitching: RHP Vince Sumpter
|
|
|
Batting: SHB Mike Beck
|
0-0: Ball 1-0: Foul Ball, location: 2F 1-1: Called Strike 1-2: Ball 2-2: Foul Ball, location: 2F 2-2: Foul Ball, location: 2F 2-2: Ball 3-2: Foul Ball, location: 2F 3-2: Ground out 6-3 (Groundball, 56D, EV 101.9 MPH) Scott Mullett to second
|
|
Batting: RHB Dave Spradley
|
0-0: Ball 1-0: Ball 2-0: Foul Ball, location: 2F 2-1: Called Strike 2-2: Ball 3-2: Ground out 6-3 (Groundball, 6, EV 82.5 MPH)
|
| Top of the 7th over - 2 runs, 3 hits, 0 errors, 1 left on base; UCLA 6 - University of North Carolina at Chapel Hill 0 |
| BOTTOM OF THE 7TH |
|
University of North Carolina at Chapel Hill Tar Heels batting - Pitching for UCLA Bruins : LHP Daniel McConnell
|
|
Pitching: RHP Luis de Jesus
|
|
|
Batting: SHB Jonathan Barrie
|
0-0: Ball 1-0: Foul Ball, location: 2F 1-1: SOLO HOME RUN (Flyball, 89XD, EV 105.0 MPH), Distance : 420 ft
|
|
Batting: RHB Tony Jennings
|
0-0: Foul Ball, location: 2F 0-1: Foul Ball, location: 2F 0-2: Ball 1-2: Strikes out swinging
|
|
Batting: RHB Brandon Wilson
|
0-0: Ball 1-0: Ball 2-0: Ground out 4-3 (Groundball, 4M, EV 106.2 MPH)
|
|
Batting: LHB Juan Alvarado
|
0-0: Ground out 1-3 (Groundball, 13S, EV 72.5 MPH)
|
| Bottom of the 7th over - 1 run, 1 hit, 0 errors, 0 left on base; UCLA 6 - University of North Carolina at Chapel Hill 1 |
| TOP OF THE 8TH |
|
UCLA Bruins batting - Pitching for University of North Carolina at Chapel Hill Tar Heels : RHP Vince Sumpter
|
|
Batting: RHB Michael Alvarado
|
0-0: Foul Ball, location: 2F 0-1: Ball 1-1: Ball 2-1: Ball 3-1: Base on Balls
|
|
Batting: RHB Ivan Murillo
|
0-0: Grounds into double play, 4-6-3 (Groundball, 34S, EV 86.2 MPH)
|
|
Batting: LHB Mark Cummings
|
0-0: Called Strike 0-1: Ball 1-1: Foul Ball, location: 2F 1-2: Foul Ball, location: 2F 1-2: Foul Ball, location: 2F 1-2: Ball 2-2: Fly out, F7 (Flyball, 7S, EV 89.4 MPH)
|
| Top of the 8th over - 0 runs, 0 hits, 0 errors, 0 left on base; UCLA 6 - University of North Carolina at Chapel Hill 1 |
| BOTTOM OF THE 8TH |
|
University of North Carolina at Chapel Hill Tar Heels batting - Pitching for UCLA Bruins : RHP Luis de Jesus
|
|
Batting: RHB Michael Houseman
|
0-0: Fly out, F8 (Flyball, 8RXD, EV 101.2 MPH)
|
|
Batting: SHB Ryan Marsh
|
0-0: Called Strike 0-1: Foul Ball, location: 2F 0-2: Fly out, F9 (Line Drive, 9LS, EV 90.6 MPH)
|
|
Batting: RHB Bill Atley
|
0-0: Ball 1-0: Called Strike 1-1: Ground out 4-3 (Groundball, 4M, EV 77.5 MPH)
|
| Bottom of the 8th over - 0 runs, 0 hits, 0 errors, 0 left on base; UCLA 6 - University of North Carolina at Chapel Hill 1 |
| TOP OF THE 9TH |
|
UCLA Bruins batting - Pitching for University of North Carolina at Chapel Hill Tar Heels : RHP Vince Sumpter
|
|
Batting: RHB Issac Konol
|
0-0: Ball 1-0: Ground out 6-3 (Groundball, 6S, EV 86.2 MPH)
|
|
Batting: RHB Andy Knerr
|
0-0: Called Strike 0-1: Ground out 6-3 (Groundball, 6, EV 103.1 MPH)
|
|
Batting: RHB Corey Bradley
|
0-0: Foul Ball, location: 2F 0-1: Foul Ball, location: 2F 0-2: Ground out 5-3 (Groundball, 5S, EV 88.1 MPH)
|
| Top of the 9th over - 0 runs, 0 hits, 0 errors, 0 left on base; UCLA 6 - University of North Carolina at Chapel Hill 1 |
| BOTTOM OF THE 9TH |
|
University of North Carolina at Chapel Hill Tar Heels batting - Pitching for UCLA Bruins : RHP Luis de Jesus
|
|
Batting: RHB Jeremy Rollins
|
0-0: Ball 1-0: Ball 2-0: Ball 3-0: Called Strike 3-1: Called Strike 3-2: Strikes out swinging
|
|
Batting: SHB Jim Saxon
|
0-0: Called Strike 0-1: Ball 1-1: Ball 2-1: Foul Ball, location: 2F 2-2: Strikes out looking
|
|
Pitching: RHP Jan Marvel
|
|
|
Batting: SHB Jonathan Barrie
|
0-0: Ball 1-0: Ball 2-0: Fly out, F8 (Flyball, 8LM, EV 93.8 MPH)
|
| Bottom of the 9th over - 0 runs, 0 hits, 0 errors, 0 left on base; UCLA 6 - University of North Carolina at Chapel Hill 1 |
|